 Dungeon Crawl Stone Soup version 0.22.1-1-ga44c0e5 (webtiles) character file.

34 whitewolfNL the Insei (level 3, -2/23 HPs)
             Began as an Octopode Transmuter on Sept 20, 2018.
             Slain by a worm (7 damage)
             ... on level 2 of the Dungeon.
             The game lasted 00:06:11 (1099 turns).

whitewolfNL the Insei (Octopode Transmuter)         Turns: 1099, Time: 00:06:12

Health: -2/23      AC:  1    Str: 10    XL:     3   Next: 31%
Magic:  6/6        EV: 13    Int: 15    God:
Gold:   60         SH:  0    Dex: 12    Spells: 5/6 levels left

rFire    . . .     SeeInvis .   e - -3 hunting sling (curse)
rCold    . . .     Gourm    .   (no shield)
rNeg     . . .     Faith    .   (helmet restricted)
rPois    .         Spirit   .   (no amulet)
rElec    .         Reflect  .   (no ring)
rCorr    .         Harm     .   (no ring)
MR       .....                  (no ring)
Stlth    +++.......             (no ring)
HPRegen  0.07/turn              (no ring)
MPRegen  0.10/turn              (no ring)
                                (no ring)
                                (no ring)

@: no status effects
A: almost no armour, stealthy swim, amphibious, 8 rings, constrict 8, camouflage
1, gelatinous body 1
a: no special abilities


You were on level 2 of the Dungeon.
You were not hungry.

You visited 1 branch of the dungeon, and saw 2 of its levels.

You collected 60 gold pieces.

Inventory:

Hand Weapons
 e - a cursed -3 hunting sling (weapon)
 j - a +2 short sword of venom
Missiles
 a - 28 arrows
 f - 44 stones (quivered)
 h - 36 bolts
Scrolls
 b - a scroll of remove curse {unknown}
 l - a scroll of fog {unknown}
Potions
 k - a potion of might {unknown}
 m - 2 potions of haste {unknown}
Comestibles
 c - a ration
 g - a chunk of flesh


   Skills:
 + Level 1.0 Fighting
 * Level 2.5 Dodging
 * Level 0.9 Stealth
 * Level 3.9 Unarmed Combat
 + Level 2.0 Spellcasting
 - Level 2.0 Transmutations


You had 5 spell levels left.
You knew the following spells:

 Your Spells              Type           Power        Failure   Level  Hunger
a - Beastly Appendage     Tmut           #.....       10%         1    #......

Your spell library contained the following spells:

 Spells                   Type           Power        Failure   Level  Hunger
 Sticks to Snakes         Tmut           #.......     14%         2    ###....
 Spider Form              Tmut/Pois      #.........   41%         3    ###....
 Ice Form                 Ice/Tmut       #.......     82%         4    #####..
 Blade Hands              Tmut           #.........   95%         5    ######.


Dungeon Overview and Level Annotations

Branches:
Dungeon (2/15)

Altars:


Innate Abilities, Weirdness & Mutations

You cannot wear most types of armour.
You are very stealthy in the water. (Stealth+)
You are amphibious.
You can wear up to eight rings at the same time.
You can use your tentacles to constrict eight enemies at once.
Your skin changes colour to match your surroundings (Stealth+).
Your rubbery body absorbs attacks. (AC +1, EV +1)


Message History

You clumsily bash the worm but do no damage.
Your grab misses the worm.
You clumsily bash the worm but do no damage.
You grab the worm. You squeeze the worm, but do no damage.
You constrict the worm. The worm completely misses you.
You release your grip on the worm.
The worm bites you!
You clumsily bash the worm but do no damage.
You grab the worm. You squeeze the worm, but do no damage.
You constrict the worm. The worm misses you.
You release your grip on the worm.
The worm bites you!
* * * LOW HITPOINT WARNING * * *
You barely miss the worm. You grab the worm.
The worm is lightly wounded.
You constrict the worm. The worm misses you.
You clumsily bash the worm but do no damage.
You squeeze the worm.
The worm is moderately wounded.
You constrict the worm. The worm bites you!
You die...

.# #. #.# #.
#.# #. #.#
##.##[#
##...#.##
###.......##
....!...().#
###....@..##
.......#w.#
#####.##..#
........#
##..###.# #?
#.<.# #.
#.### #. ..


You could see a worm.

Vanquished Creatures
  An ooze (D:1)
  A dart slug (D:1)
  9 bats (D:1)
  4 giant cockroaches (D:1)
  2 goblins (D:1)
  4 frilled lizards (D:1)
  3 kobolds (D:1)
  6 rats (D:1)
30 creatures vanquished.

Notes
Turn   | Place    | Note
-------+----------+-------------------------------------------
     0 | D:1      | whitewolfNL the Octopode Transmuter began the quest for the
                  | Orb.
     0 | D:1      | Reached XP level 1. HP: 13/13 MP: 3/3
    22 | D:1      | Reached XP level 2. HP: 13/18 MP: 5/5
   751 | D:1      | Reached XP level 3. HP: 21/23 MP: 6/6
  1099 | D:2      | Slain by a worm

Action                   || total
-------------------------++-------
Melee: Unarmed           ||    67
       Constrict         ||    19
       Tentacles         ||     9
       Hunting sling     ||     5
 Stab: Distracted        ||     1
       Sleeping          ||     1
  Eat: Chunk             ||     1
Armor: Skin              ||    19
Dodge: Dodged            ||    72
